 Dungeon Crawl Stone Soup version 0.17-a0-2118-g63bad21 (webtiles) character file.

44 fredomojojo the Stinger (level 3, -6/26 HPs)
             Began as a Draconian Venom Mage on Oct 20, 2015.
             Mangled by a hobgoblin
             ... wielding a +0 club
             ... led by Robin
              (7 damage)
             ... on level 2 of the Dungeon.
             The game lasted 00:23:47 (610 turns).

fredomojojo the Stinger (Draconian Venom Mage)       Turns: 610, Time: 00:23:48

Health: -6/26      AC:  5    Str: 10    XL:     3   Next: 39%
Magic:  0/6        EV: 12    Int: 16    God:
Gold:   30         SH:  0    Dex: 11    Spells: 1 memorised, 5 levels left

rFire  . . .     SeeInvis .     d - +0 short sword
rCold  . . .     Clarity  .     (armour unavailable)
rNeg   . . .     SustAt   .     (no shield)
rPois  .         Gourm    .     (helmet restricted)
rElec  .         Spirit   .     (no cloak)
rCorr  .         Warding  .     (no gloves)
rMut   .         Stasis   .     (no boots)
MR     .....                    (no amulet)
Stlth  ++........               k - ring of fire
                                f - ring of ice

@: not resistant to hostile enchantments, unstealthy
A: unfitting armour, cold-blooded, AC +5
a: no special abilities


You were on level 2 of the Dungeon.
You were not hungry.

You visited 1 branch of the dungeon, and saw 2 of its levels.

You collected 30 gold pieces.

Inventory:

Hand Weapons
 d - a +0 short sword (weapon)
 h - a +0 hunting sling
Missiles
 c - 38 arrows
 e - 25 stones (quivered)
 g - 20 poisoned needles
Jewellery
 f - a ring of ice (left hand)
 k - a ring of fire (right hand)
Scrolls
 i - 2 scrolls of teleportation
Potions
 j - a potion of brilliance
Books
 a - a Young Poisoner's Handbook

   Spells                             Type                      Level
   a - Sting                          Conjuration/Poison           1
   b - Cure Poison                    Poison                       2
   c - Mephitic Cloud                 Conjuration/Poison/Air       3
   d - Olgreb's Toxic Radiance        Poison                       4
   e - Venom Bolt                     Conjuration/Poison           5
Comestibles
 b - a bread ration


   Skills:
 + Level 0.8 Slings
 + Level 2.0 Dodging
 + Level 1.9 Stealth
 + Level 2.2 Spellcasting
 + Level 0.4 Conjurations
 + Level 4.6 Poison Magic


You had 5 spell levels left.
You knew the following spells:

 Your Spells              Type           Power        Failure   Level  Hunger
a - Sting                 Conj/Pois      #...         10%         1    #......


Dungeon Overview and Level Annotations

Branches:
Dungeon (2/15)

Altars:
Ashenzari


Innate Abilities, Weirdness & Mutations

Your plain brown scales are hard (AC +5).
Your body does not fit into most forms of armour.
You are cold-blooded and may be slowed by cold attacks.


Message History

Aim: a hobgoblin, wielding a club (consumed by blood-lust)
The sting misses the hobgoblin.
The goblin hits you but does no damage. The hobgoblin hits you with a club.
* * * LOW HITPOINT WARNING * * *
You hit the hobgoblin but do no damage. The goblin hits you with a dagger.
* * * LOW HITPOINT WARNING * * *
The hobgoblin hits you with a club.
* * * LOW HITPOINT WARNING * * *
Your magical contamination has completely faded away.
You completely miss the hobgoblin. The goblin barely misses you.
The hobgoblin hits you with a club.
* * * LOW HITPOINT WARNING * * *
You barely miss the hobgoblin. The goblin closely misses you.
You hit the hobgoblin.
The hobgoblin is lightly wounded.
The hobgoblin completely misses you. The goblin hits you but does no damage.
You hit the hobgoblin.
The hobgoblin is almost dead.
The hobgoblin hits you with a club!
You die...

.....# ###### .....#
......######## ......
.......<.....##.....#
.........###g#.....#
##...#.#.#.#@#...%. .
### #.....#g#..# g..
#.....†)..(#⌠.#.'
#<.####..(.g.g...
#..###)..#.#..g..
#....#....$.#....
#..#.#..#...'. ._
#.......#...#..
#..#$...#####....


You could see a hobgoblin (frenzied) and a goblin.

Vanquished Creatures
  Robin (D:2)
  An ooze (D:1)
  2 bats (D:1)
  5 hobgoblins
  A ball python (D:2)
  A giant cockroach (D:1)
  9 goblins
  6 kobolds (D:1)
  2 rats (D:1)
28 creatures vanquished.

Vanquished Creatures (others)
  4 toadstools (D:1)
4 creatures vanquished.

Grand Total: 32 creatures vanquished

Notes
Turn   | Place    | Note
--------------------------------------------------------------
     0 | D:1      | fredomojojo the Draconian Venom Mage began the quest for the Orb.
     0 | D:1      | Reached XP level 1. HP: 14/14 MP: 3/3
   221 | D:1      | Reached XP level 2. HP: 14/20 MP: 1/5
   570 | D:2      | Reached XP level 3. HP: 23/26 MP: 1/6
   573 | D:2      | Noticed Robin
   574 | D:2      | Found a shattered altar of Ashenzari.
   600 | D:2      | Killed Robin
   606 | D:2      | HP: 1/26 [hobgoblin/club[Robin] (1)]
   610 | D:2      | Mangled by a hobgoblin

Vault maps used:
D:1:      ldierk_walled_garden_2, minmay_misc_feat_encased
D:2:      kennysheep_big_flooded_room, minmay_overflow_temple_star_hex,
          evilmike_ruin_ashenzari, uniq_sigmund, uniq_robin

Action                   || total
-------------------------++-------
Melee: Unarmed           ||    23
       Short sword       ||    41
 Fire: Hunting sling     ||    14
 Cast: Sting             ||    26
  Use: Scroll            ||     5
       Potion            ||     3
 Stab: Sleeping          ||     1
